 Dungeon Crawl Stone Soup version 0.31-a0-313-g785cd24033 (webtiles) character file.

Game seed: 10762109371759138091

340 AdnanSaban the Cudgeller (level 6, -1/39 HPs)
             Began as a Gargoyle Fighter on July 17, 2023.
             Slain by a quokka (4 damage)
             ... summoned by Eustachio
             ... on level 4 of the Dungeon.
             The game lasted 00:06:03 (4197 turns).

AdnanSaban the Cudgeller (Gargoyle Fighter)         Turns: 4197, Time: 00:06:07

Health: -1/39      AC: 20    Str: 28      XL:     6   Next: 56%
Magic:  6/6        EV:  8    Int:  8      God:
Gold:   108        SH:  4    Dex:  5 (9)  Spells: 5/5 levels left

rFire   . . .        a - +0 flail
rCold   . . .        c - +0 buckler
rNeg    + . .        k - +0 chain mail
rPois   ∞            l - +0 helmet
rElec   +            (no cloak)
rCorr   .            s - +0 pair of gloves
SInv    .            (no boots)
Will    .....        (no amulet) Stlth
                     g - +4 ring of protection
HPRegen 0.26/turn    u - +6 ring of strength
MPRegen 0.10/turn

%: no passive effects
@: no status effects
A: sickness immunity, AC +4, negative energy resistance 1, electricity
resistance, torment resistance 1, petrification resistance
a: no special abilities


You were on level 4 of the Dungeon.
You visited 1 branch of the dungeon, and saw 4 of its levels.

You collected 108 gold pieces.

Inventory:

Hand Weapons
 a - a +0 flail (weapon)
Armour
 c - a +0 buckler (worn)
 k - a +0 chain mail (worn)
 l - a +0 helmet (worn)
 s - a +0 pair of gloves (worn)
Jewellery
 g - a +4 ring of protection (left hand)
 u - a +6 ring of strength (right hand)
 v - an amulet of faith
Wands
 t - a wand of roots (7)
 x - a wand of flame (26)
Scrolls
 b - 3 scrolls of identify {unknown}
 h - 4 scrolls of teleportation {unknown}
 m - a scroll of brand weapon {unknown}
 n - 2 scrolls of revelation {unknown}
 q - a scroll of butterflies {unknown}
 r - a scroll of fear {unknown}
Potions
 d - a potion of might
 e - a potion of degeneration {unknown}
 f - a potion of brilliance {unknown}
 i - 3 potions of curing {unknown}
 j - a potion of ambrosia {unknown}
 o - a potion of magic {unknown}
 p - a potion of haste {unknown}


   Skills:
 + Level 4.4 Fighting
 + Level 4.9 Maces & Flails
 + Level 4.4 Armour
 + Level 4.2 Shields


You had 5 spell levels left.
You didn't know any spells.
Your spell library contained the following spells:

 Spells                   Type           Power      Damage    Failure   Level
 Hailstorm                Conj/Ice       0%         3d3       100%        3
 Summon Ice Beast         Ice/Summ       0%         N/A       100%        4
 Simulacrum               Ice/Necr       0%         N/A       100%        6


Dungeon Overview and Level Annotations

Branches:
Dungeon (4/15)
 Temple: D:4-7

Altars:

Annotations:
D:3 1 runed translucent door, Crazy Yiuf
D:4 Eustachio


Innate Abilities, Weirdness & Mutations

You are immune to sickness and miasma.
Your stone body is resilient. (AC +4)
You are immune to poison.
You resist negative energy. (rN+)
You are resistant to electric shocks. (rElec)
You are resistant to unholy torment.
You are immune to petrification.


Message History

The river rat barely misses you.
You closely miss Eustachio.
Eustachio is severely wounded.
You block the bat's attack. The ufetubus hits you.
* * * LOW HITPOINT WARNING * * *
The ufetubus hits you but does no damage.
The quokka bites you but does no damage.
Eustachio hits you but does no damage.
The river rat bites you but does no damage.
The ufetubus hits you but does no damage. x2
The quokka bites you but does no damage.
You barely miss Eustachio.
Eustachio is severely wounded.
The ufetubus disappears in a puff of smoke!
Eustachio hits you but does no damage. The river rat bites you.
* * * LOW HITPOINT WARNING * * *
You block the quokka's attack.
Eustachio mumbles some strange words.
Eustachio blinks!
The bat barely misses you. The river rat attacks as you move away!
The river rat bites you but does no damage.
The bat completely misses you. The bat closely misses you.
The bat barely misses you. The quokka attacks as you move away!
You block the quokka's attack. The bat attacks as you move away!
The bat hits you but does no damage. x3
The quokka closely misses you.
You hit Eustachio.
Eustachio is almost dead.
The bat barely misses you. The bat closely misses you.
The bat hits you but does no damage.
The quokka bites you but does no damage.
Eustachio gestures wildly while chanting.
Eustachio blinks!
You sock the river rat!
The river rat is severely wounded.
You block the bat's attack. The bat barely misses you.
You block the river rat's attack.
The quokka bites you but does no damage.
The quokka bites you.
You die...

#.......(.
##'####### #†#
#†# #.#
###†#####
#.......#
#.rb....#
#@......#
#.r.....#
#.b.....#
#.....@.#
#.......#
#.......######
#.......'....#
#.......####.#
######### #.#


You could see Eustachio, a river rat (summoned), a quokka (summoned) and 2 bats.

Vanquished Creatures
  A scorpion (D:4)
  Ijyb (D:3)
  Natasha (twice) (D:4)
  Robin (D:3)
  7 gnolls (D:3)
  3 adders
  A worm (D:3)
  3 dart slugs
  4 orcs (D:3)
  10 endoplasms
  11 hobgoblins
  7 jackals
  4 quokkas
  3 ball pythons
  3 bats (D:3)
  A frilled lizard (D:1)
  11 goblins
  9 kobolds
  7 rats
89 creatures vanquished.

Notes
Turn   | Place    | Note
-------+----------+-------------------------------------------
     0 | D:1      | AdnanSaban the Gargoyle Fighter began the quest for the
                  | Orb.
     0 | D:1      | Reached XP level 1. HP: 14/14 MP: 1/1
    86 | D:1      | Reached XP level 2. HP: 19/19 MP: 2/2
   384 | D:1      | Reached XP level 3. HP: 23/23 MP: 3/3
  1810 | D:2      | Reached XP level 4. HP: 29/29 MP: 4/4
  2222 | D:3      | Noticed Robin
  2267 | D:3      | Killed Robin
  2474 | D:3      | Identified the +7 sling of the Thirsty Olives {antimagic,
                  | rCorr Stlth+}
  2699 | D:3      | Reached XP level 5. HP: 32/33 MP: 5/5
  3433 | D:3      | Noticed Ijyb
  3451 | D:3      | Killed Ijyb
  3452 | D:3      | Reached XP level 6. HP: 26/38 MP: 6/6
  3624 | D:3      | Found a runed translucent door.
  3625 | D:3      | Noticed Crazy Yiuf
  4065 | D:4      | Noticed Eustachio
  4138 | D:4      | Noticed Natasha
  4147 | D:4      | Killed Natasha
  4150 | D:4      | Noticed Natasha
  4165 | D:4      | Killed Natasha
  4193 | D:4      | HP: 1/39 [river rat[Eustachio] (4)]
  4197 | D:4      | Slain by a quokka

Illustrated notes

Levels and vault maps discovered:
D:1:      lightli_arrival_boilingwater, layout_basic, minmay_door_square,
          minmay_tetromino_s4
D:2:      wad_lake_hut, layout_basic
D:3:      layout_loops_cross, serial_co_window_serial, co_window_corner_a,
          co_window_corner_a, co_window_paths_b, co_window_paths_a,
          co_window_paths_a, co_window_cross_1, co_window_of_opportunity_b,
          co_window_corner_b, co_window_broadway_a, co_window_2corner,
          co_window_corner_cb, co_window_unsneaky_path_e, co_window_4corner_a,
          co_window_paths_e, glass_columns_a, glass_columns_a, glass_columns_a,
          glass_columns_a, glass_columns_a, uniq_crazy_yiuf_cottage, uniq_ijyb,
          uniq_robin
D:4:      layout_basic, grunt_temple_overflow_open, uniq_natasha,
          uniq_eustachio, uniq_menkaure, uniq_edmund

Skill      XL: |  1  2  3  4  5 |
---------------+----------------+-----
Maces & Flails | 3 4 |  4.9
Fighting       | 4 |  4.4
Armour         | 4 |  4.4
Shields        | 4 |  4.2

Action                     |  1- 3 |  4- 6 || total
---------------------------+-------+-------++-------
  Melee: Flail             |    95 |   288 ||   383
 Armour: Scale mail        |    32 |       ||    32
         Chain mail        |    22 |   345 ||   367
  Dodge: Dodged            |    44 |   190 ||   234
  Block: Buckler           |    14 |    91 ||   105

Table legend: (Time is in decaauts)
 A = Elapsed time spent in this place.
 B = Non-inter-level travel time spent in this place.
 C = Inter-level travel time spent in this place.
 D = Time resting spent in this place.
 E = Time spent auto-exploring this place.
 F = Levels seen in this place.
 G = Mean time per level.
                   A        B        C        D        E       F      G
               +--------+--------+--------+--------+--------+-----+--------+
         Total |   4330 |   4068 |    262 |     99 |   3136 |   4 | 1082.5 |
       Dungeon |   4330 |   4068 |    262 |     99 |   3136 |   4 | 1082.5 |
               +--------+--------+--------+--------+--------+-----+--------+

Top non-repeatable levels by time:
     D:3: 1846 daAuts
     D:2: 1205 daAuts
     D:1: 1087 daAuts
     D:4: 191 daAuts
